 Dungeon Crawl Stone Soup version 0.31.0-11-ge490571c62 (webtiles) character file.

Game seed: 17781313880406293779

116 ProzacElf the Chopper (level 4, -6/39 HPs)
             Began as a Minotaur Cinder Acolyte on Feb 3, 2024.
             Was a High Priest of Ignis.
             Mangled by Sigmund
             ... wielding a +1 vampiric scythe
              (9 damage)
             ... on level 3 of the Dungeon.
             The game lasted 00:04:15 (1974 turns).

ProzacElf the Chopper (Minotaur Cinder Acolyte)     Turns: 1974, Time: 00:04:16

Health: -6/39      AC:  7    Str: 18    XL:     4   Next: 69%
Magic:  4/4        EV:  9    Int: 11    God:    Ignis [*****.]
Gold:   11         SH:  0    Dex:  8    Spells: 5/5 levels left

rFire   + . .        b - +1 whip (venom)
rCold   . . .        (no shield)
rNeg    . . .        t - +0 scale mail {Will+}
rPois   .            (helmet restricted)
rElec   .            d - +0 cloak
rCorr   .            (no gloves)
SInv    .            (no boots)
Will    +....        q - amulet of the acrobat Stlth
                     (no ring)
HPRegen 0.26/turn    (no ring)
MPRegen 0.09/turn

%: acrobat
@: no status effects
A: horns 2, retaliatory headbutt
a: Renounce Religion, Fiery Armour, Foxfire Swarm, Rising Flame


You were on level 3 of the Dungeon.
You worshipped Ignis.
Ignis was extremely pleased with you.
You visited 1 branch of the dungeon, and saw 3 of its levels.

You collected 155 gold pieces.
You spent 144 gold pieces at shops.

Inventory:

Hand Weapons
 a - a -1 hand axe of flaming
 b - a +1 whip of venom (weapon)
Armour
 d - a +0 cloak (worn)
 t - a +0 scale mail of willpower (worn)
Magical Staves
 r - the staff of Blood {rElec rC++ SInv Fire Ice Air}
   (You found it on level 2 of the Dungeon)

   [staff of air]

   Base accuracy: +5 Base damage: 5 Base attack delay: 1.2 This weapon's minimum
   attack delay (0.6) is reached at skill level 12.
   rC++:      It greatly protects you from cold.
   rElec:     It insulates you from electricity.
   SInv:      It lets you see invisible.
   Fire:      It increases the power of your Fire spells.
   Ice:       It increases the power of your Ice spells.
   Air:       It increases the power of your Air spells.
   It falls into the 'Staves' category.
   It is a one-handed weapon.
Jewellery
 q - an amulet of the acrobat (around neck)
Scrolls
 c - 2 scrolls of identify {unknown}
 g - a scroll of fear {unknown}
 i - a scroll of blinking {unknown}
 j - 2 scrolls of amnesia {unknown}
 n - a scroll of enchant armour {unknown}
 p - a scroll of teleportation {unknown}
 s - a scroll of enchant weapon {unknown}
Potions
 e - a potion of attraction {unknown}
 f - 3 potions of degeneration
 h - 2 potions of magic {unknown}
 k - a potion of heal wounds
 l - a potion of lignification
 m - 2 potions of curing
 o - a potion of brilliance {unknown}


   Skills:
 - Level 3.6 Fighting
 + Level 5.3 Axes
 + Level 2.7 Stealth
 - Level 1.0 Spellcasting
 - Level 2.1 Fire Magic


You had 5 spell levels left.
You didn't know any spells.
Your spell library contained the following spells:

 Spells                   Type           Power      Damage    Failure   Level
 Scorch                   Fire           10%        2d5       56%         2


Dungeon Overview and Level Annotations

Branches:
Dungeon (3/15)

Altars:

Shops:
D:3 !

Annotations:
D:3 Sigmund


Innate Abilities, Weirdness & Mutations

You have a pair of horns on your head.
You reflexively headbutt those who attack you in melee.


Message History

Thar be an entrance ta Hashuxti's Distillery 'ere.
m - 2 potions o' curin' (gain'd 1)
f - 3 potions o' degeneration (gain'd 1)
k - a potion o' heal wounds;
l - a potion o' lignification Thank ye fer shoppin' at Hashuxti's Distillery!
Ye can access yer shoppin' list by pressin' '$'.
Sigmund tha Dreaded comes inta view. 'e be wieldin' a +1 vampiric scytha.
Sigmund shouts!
Sigmund gestures wildly while chantin'.
Sigmund flickers an' vanishes!
Deactivatin' autopickup; reactivate wit' Ctrl-A.
Ye start waitin'.
Somethin' closely misses ye.
Ye barely miss somethin'.
Somethin' hits ye.
Ye take 5 damage, an' haf 34/39 hp.
Ye barely miss somethin'.
Somethin' hits ye but does nay damage.
Ye hit somethin'.
Ye miss somethin'.
Yer headbutt misses somethin'.
Somethin' hits ye.
Ye take 3 damage, an' haf 32/39 hp.
Ye miss somethin'.
Yer headbutt misses somethin'.
Ye hear some strange, mumbled words.
A magic dart appears from outta thin air!
Tha magic dart hits ye.
Ye take 6 damage, an' haf 26/39 hp.
Ye hit somethin'.
Ye hit somethin'.
Ye headbutt somethin'!
Somethin' hits ye but does nay damage.
Ye barely miss somethin'.
Yer headbutt misses somethin'.
Somethin' hits ye!
Ye take 8 damage, an' haf 19/39 hp.
MASSIVE DAMAGE!!
Ye closely miss somethin'.
Ye closely miss somethin'.
Ye hear some strange, mumbled words.
A magic dart appears from outta thin air!
Tha magic dart hits ye!
* * * LOW HITPOINT WARNIN'
* * * Ye take 9 damage, an' haf 10/39 hp.
MASSIVE DAMAGE!!
Ye closely miss somethin'.
Yer headbutt misses somethin'.
Somethin' hits ye!
* * * LOW HITPOINT WARNIN'
* * * Ye take 7 damage, an' haf 3/39 hp.
Ye barely miss somethin'.
Somethin' hits ye!
Ye die...

######## {#
#......# .#
##{###.# .# #@# #.#
.# #.# #.# .. #.#
#.##########.# #.#
#..........#)# #.#
########.....# #.#
######†....# #.#
#..........#
##.#####......#+#.#
#........)....#.#.#


There were no monsters in sight!

Vanquished Creatures
  Crazy Yiuf (D:3)
  4 adders
  A dart slug (D:1)
  5 endoplasms
  2 giant cockroaches (D:1)
  3 goblins
  5 hobgoblins
  9 kobolds
  4 quokkas
  3 ball pythons
  5 bats
  7 frilled lizards
  3 rats
52 creatures vanquished.

Notes
Turn   | Place    | Note
-------+----------+-------------------------------------------
     0 | D:1      | ProzacElf the Minotaur Cinder Acolyte began the quest for
                  | the Orb.
     0 | D:1      | Reached XP level 1. HP: 19/19 MP: 1/1
   218 | D:1      | Reached skill level 4 in Axes
   231 | D:1      | Reached skill level 1 in Stealth
   231 | D:1      | Reached XP level 2. HP: 26/26 MP: 2/2
   945 | D:2      | Reached XP level 3. HP: 31/31 MP: 3/3
  1226 | D:2      | Identified the staff of Blood {rElec rC++ SInv Fire Ice
                  | Air}
  1353 | D:2      | Reached XP level 4. HP: 37/39 MP: 4/4
  1570 | D:2      | Found a faded altar of an unknown god.
  1697 | D:3      | Reached skill level 5 in Axes
  1716 | D:3      | Found a runed translucent door.
  1717 | D:3      | Noticed Crazy Yiuf
  1723 | D:3      | Killed Crazy Yiuf
  1887 | D:3      | Found Hashuxti's Distillery.
  1894 | D:3      | Bought a potion of curing for 36 gold pieces
  1894 | D:3      | Bought a potion of degeneration for 12 gold pieces
  1894 | D:3      | Bought a potion of heal wounds for 60 gold pieces
  1894 | D:3      | Bought a potion of lignification for 36 gold pieces
  1937 | D:3      | Noticed Sigmund
  1974 | D:3      | Mangled by Sigmund

Illustrated notes

Levels and vault maps discovered:
D:1:      shiori_arrival_maze, layout_basic, nrook_mini_vaults
D:2:      layout_loops_ring, shapermc_ecumenical_altar_hornbeckon,
          grunt_ministairs_7, lexackson_kobold_supper
D:3:      layout_basic, serial_shops, shop, uniq_sigmund,
          uniq_crazy_yiuf_cottage

Skill      XL: |  1  2  3  4 |
---------------+-------------+-----
Axes           | 4 5 |  5.3
Stealth        | 1 2 |  2.7
Fighting       | |  3.6
Spellcasting   | |  1.0
Fire Magic     | |  2.1

Action                     |  1- 3 |  4- 6 || total
---------------------------+-------+-------++-------
  Melee: Hand axe          |    34 |       ||    34
         Headbutt          |     5 |     6 ||    11
         Whip              |    52 |    41 ||    93
         Punch             |     2 |       ||     2
 Armour: Robe              |    12 |       ||    12
         Scale mail        |    21 |    21 ||    42
         Skin              |       |     1 ||     1
  Dodge: Dodged            |    51 |    19 ||    70

Action                     |  1- 3 |  4- 6 || total
---------------------------+-------+-------++-------
  Melee: Hand axe          |    34 |       ||    34
         Headbutt          |     5 |     6 ||    11
         Whip              |    52 |    41 ||    93
         Punch             |     2 |       ||     2
 Armour: Robe              |    12 |       ||    12
         Scale mail        |    21 |    21 ||    42
         Skin              |       |     1 ||     1
  Dodge: Dodged            |    51 |    19 ||    70

Levels and vault maps discovered:
D:1:      shiori_arrival_maze, layout_basic, nrook_mini_vaults
D:2:      layout_loops_ring, shapermc_ecumenical_altar_hornbeckon,
          grunt_ministairs_7, lexackson_kobold_supper
D:3:      layout_basic, serial_shops, shop, uniq_sigmund,
          uniq_crazy_yiuf_cottage
